 Dungeon Crawl Stone Soup version 0.31.0-11-ge490571c62 (webtiles) character file.

Game seed: 4910718517220320023

49 Minsecho the Firebug (level 3, -6/48 HPs)
             Began as an Oni Fire Elementalist on Feb 6, 2024.
             Mangled by Sigmund
             ... wielding a +2 heavy scythe
              (9 damage)
             ... on level 2 of the Dungeon.
             The game lasted 00:05:27 (1739 turns).

Minsecho the Firebug (Oni Fire Elementalist)        Turns: 1739, Time: 00:05:28

Health: -6/48      AC: 21    Str: 14    XL:     3   Next: 77%
Magic:  1/7        EV:  1    Int: 16    God:
Gold:   93         SH:  0    Dex:  9    Spells: 5/8 levels left

rFire   . . .        f - staff of conjuration
rCold   . . .        (no shield)
rNeg    . . .        a - melded +0 robe
rPois   +            (helmet currently unavailable)
rElec   .            (cloak currently unavailable)
rCorr   .            (gloves unavailable)
SInv    .            (boots unavailable)
Will    .....        (no amulet)
Stlth   +            (no ring)
HPRegen 0.28/turn    (no ring)
MPRegen 0.10/turn

%: no passive effects
@: brilliant, tree-form (expiring)
A: stationary, stasis, torment immunity, boosted hp, large, unfitting armour,
(horns 1), (tough skin 1), double potion healing, drunken brawling
a: no special abilities


You were on level 2 of the Dungeon.
You were a tree.
You visited 1 branch of the dungeon, and saw 2 of its levels.

You collected 93 gold pieces.

Inventory:

Hand Weapons
 h - a +2 short sword of speed
Armour
 a - a +0 robe (melded)
Magical Staves
 f - a staff of conjuration (weapon)
Potions
 b - a potion of magic


   Skills:
 + Level 0.4 Fighting
 + Level 0.1 Staves
 + Level 2.3 Dodging
 + Level 1.4 Stealth
 + Level 3.1 Spellcasting
 + Level 1.1 Conjurations
 + Level 3.2 Fire Magic


You had 5 spell levels left.
You knew the following spells:

 Your Spells              Type           Power      Damage    Failure   Level
a - Foxfire               Conj/Fire      84%        2x1d8     8%          1
b - Scorch                Fire           38%        2d6       8%          2

Your spell library contained the following spells:

 Spells                   Type           Power      Damage    Failure   Level
 Necrotise                Necr           12%        1d4       19%         1
 Inner Flame              Hex/Fire       11%        N/A       28%         3
 Volatile Blastmotes      Fire/Tloc      22%        2d11      28%         3
 Vampiric Draining        Necr           3%         2d6       50%         3
 Flame Wave               Conj/Fire      21%        2d8       58%         4
 Martyr's Knell           Necr/Summ      3%         N/A       88%         4
 Curse of Agony           Necr           3%         N/A       99%         5


Dungeon Overview and Level Annotations

Branches:
Dungeon (2/15)

Altars:

Annotations:
D:2 1 runed translucent door, Crazy Yiuf, Sigmund


Innate Abilities, Weirdness & Mutations

You are a tree.
Your roots penetrate the ground, keeping you stationary.
You cannot be teleported.
You are immune to unholy pain and torment.
Your maximum health is greatly increased.
Your equipment is partially melded.
You are too large for most types of armour.
((You have a pair of small horns on your head.))
((You have tough skin. (AC +1)))
You gain doubled healing and magic from potions.
Whenever you drink a healing potion, you attack all around you.


Message History

The goblin hits you but does no damage. Robin hits you with a +0 dagger.
* * * LOW HITPOINT WARNING * * *
Unknown command.
You hit Robin.
Robin is almost dead.
The goblin hits you but does no damage. Robin hits you but does no damage.
You hit Robin.
You kill Robin!
Your transformation is almost over.
The goblin hits you but does no damage.
Casting: Foxfire (safe; 8% risk of failure)
Confirm with . or Enter, or press ? or * to list all spells.
You feel a surge of power!
Flames lash the hobgoblin.
You kill the hobgoblin!
Your extra speed is starting to run out.
Unknown command.
You hit the goblin.
The goblin is severely wounded.
The goblin hits you but does no damage.
The hobgoblin hits you but does no damage.
You barely miss the goblin.
The goblin is severely wounded.
The goblin hits you but does no damage.
You hit the goblin but do no damage.
The goblin is severely wounded.
The hobgoblin hits you.
* * * LOW HITPOINT WARNING * * *
Something hits you but does no damage. The goblin hits you but does no damage.
You hit the goblin.
You kill the goblin!
The hobgoblin hits you but does no damage.
You hit the hobgoblin.
The hobgoblin is heavily wounded.
The hobgoblin hits you but does no damage.
You barely miss the hobgoblin.
The hobgoblin is heavily wounded.
You feel yourself slow down.
The goblin no longer looks unusually strong.
Something hits you!
You die...

##.####.##### ♣ #.#
#.# #.#
#.############# #.#
#.#...........#
#.####.#.##........#
#.####.#.##........#
#.####...##........#
##.################.#
#...)♣g.gg#.......#.#
#########g#....##.#.#
#######)#....##.#.#
#######g#g#####.#.#
#######)#.#####.#.#
#######gg(@.......#
#####..gg@...##g###*
#####........##.#,,,
#####........##.#,,,


You could see 3 hobgoblins and a goblin.

Vanquished Creatures
  Robin (D:2)
  A bat (D:1)
  5 endoplasms
  3 giant cockroaches
  5 goblins (D:2)
  4 hobgoblins
  4 kobolds
  2 quokkas (D:1)
  2 ball pythons (D:1)
  4 frilled lizards
  4 rats
35 creatures vanquished.

Vanquished Creatures (others)
  70 foxfires
70 creatures vanquished.

Grand Total: 105 creatures vanquished

Notes
Turn   | Place    | Note
-------+----------+-------------------------------------------
     0 | D:1      | Minsecho the Oni Fire Elementalist began the quest for the
                  | Orb.
     0 | D:1      | Reached XP level 1. HP: 16/16 MP: 3/3
   186 | D:1      | Reached XP level 2. HP: 20/24 MP: 1/5
   291 | D:1      | Learned a level 2 spell: Scorch
   640 | D:1      | Reached skill level 1 in Conjurations
  1167 | D:2      | Found a runed translucent door.
  1168 | D:2      | Noticed Crazy Yiuf
  1205 | D:2      | Reached XP level 3. HP: 31/31 MP: 4/7
  1649 | D:2      | Noticed Robin
  1650 | D:2      | Noticed Sigmund
  1732 | D:2      | Killed Robin
  1736 | D:2      | HP: 2/48 [hobgoblin[Robin] (3)]
  1739 | D:2      | Mangled by Sigmund

Illustrated notes

Levels and vault maps discovered:
D:1:      roadster_arrival_rocket_large, layout_loops_cross
D:2:      layout_basic, uniq_robin, uniq_crazy_yiuf_cottage, uniq_sigmund

Skill      XL: |  1  2  3 |
---------------+----------+-----
Fire Magic     | 3 |  3.2
Dodging        | 2 |  2.3
Conjurations   | 1 |  1.1
Spellcasting   | 3 |  3.1
Fighting       | |  0.4
Staves         | |  0.1
Stealth        | |  1.4

Action                     || total
---------------------------++-------
  Melee: Unarmed           ||     1
         Staff             ||    63
         Punch             ||     2
   Cast: Foxfire           ||    42
         Scorch            ||     4
    Use: Potion            ||     5
         Scroll            ||     2
 Armour: Robe              ||    59
         Skin              ||    39
  Dodge: Dodged            ||    32
